 Dungeon Crawl Stone Soup version 0.31.0-1-g2c135a008e (webtiles) character file.

Game seed: 10498051596701401228

49 qw the Shooter (level 4, 0/33 HPs)
             Began as a Djinni Hunter on Jan 23, 2024.
             Killed from afar by Natasha (2 damage)
             ... with a puff of flame
             ... on level 2 of the Dungeon.
             The game lasted 00:00:03 (894 turns).

qw the Shooter (Djinni Hunter)                       Turns: 894, Time: 00:00:03

Health: 0/33       AC:  5    Str: 10    XL:     4   Next: 1%
Gold:   101        EV: 11    Int: 10    God:
                   SH:  0    Dex: 19

rFire   + + .        a - +1 shortbow (heavy)
rCold   x . .        (shield currently unavailable)
rNeg    . . .        m - +0 ring mail
rPois   inf          (no helmet)
rElec   .            (no cloak)
rCorr   .            (no gloves)
SInv    .            (boots unavailable)
Will    .....        (no amulet)
Stlth   +            (no ring)
HPRegen 0.25/turn    (no ring)
MPRegen 0.00/turn

%: infuse magic (-1 HP)
@: flying
A: sickness immunity, fire resistance 2, cold vulnerability 1, float, innate
caster, HP casting, extra vitality 1
a: no special abilities


You were on level 2 of the Dungeon.
You visited 1 branch of the dungeon, and saw 2 of its levels.

You collected 101 gold pieces.


Innate Abilities, Weirdness & Mutations

You are immune to sickness and miasma.
You are immune to poison.
Your flesh is very heat resistant. (rF++)
You are vulnerable to cold. (rC-)
You float through the air rather than walking.
You learn spells naturally, not from books.
Your magical power is your life essence.
You have superior vitality. (+4 MHP)


   Skills:
 + Level 2.0 Fighting
 - Level 4.2 Ranged Weapons
 - Level 1.0 Armour
 - Level 2.1 Dodging
 - Level 0.7 Stealth


You knew the following spells:

 Your Spells              Type           Power      Damage    Failure   Level
a - Summon Small Mammal   Summ           0%         N/A       67%         1
Your spell library was empty.

Inventory:

Hand Weapons
 a - a +1 heavy shortbow (weapon)
Armour
 m - a +0 ring mail (worn)
Potions
 b - a potion of curing {unknown}
 c - 2 potions of heal wounds {unknown}
 h - a potion of haste

Dungeon Overview and Level Annotations

Branches:
Dungeon (2/15)

Altars:

Shops:
D:1 ::!

Annotations:
D:2 Natasha


Message History

There is a stone staircase leading down here.
A bat comes into view.
You shoot an arrow. The arrow misses the bat.
You shoot an arrow. The arrow hits the bat.
You kill the bat!
Natasha, Servant of Life and Death comes into view.
She is carrying a wand of flame.
Your Armour skill increases to level 1!
Natasha hisses angrily.
Natasha casts a spell.
You shoot an arrow.
The arrow hits Natasha but does no damage.
You shoot an arrow. The arrow closely misses Natasha.
Natasha casts a spell at you. The magic dart hits you!
You shoot an arrow. The arrow misses the cerulean imp.
The cerulean imp hits you from afar with a +2 spear.
Natasha zaps a wand.
The puff of flame hits you. You resist.
The cerulean imp hits you but does no damage.
Natasha zaps a wand.
The puff of flame hits you. You resist.
You shoot an arrow. The arrow hits the cerulean imp.
The cerulean imp is heavily wounded.
The cerulean imp hits you from afar with a +2 spear.
Natasha growls.
The cerulean imp closely misses you. Natasha casts a spell at you.
The magic dart hits you.
You shoot an arrow. The arrow hits the cerulean imp!
You kill the cerulean imp!
The cerulean imp disappears in a puff of smoke!
Natasha claws you.
You shoot an arrow. The arrow misses Natasha.
Natasha stares at you and mumbles some strange words.
The magic dart hits you! Natasha claws you.
You shoot an arrow. The arrow barely misses Natasha.
Natasha barely misses you. Natasha misses you.
You shoot an arrow. The arrow hits Natasha!
Natasha is severely wounded.
Natasha zaps a wand.
The puff of flame hits you. You resist.
You die...
Natasha curls up and begins to purr.

~~P... ~~~~..
~~~P.. ~~~~..#
P~... #..%
#..h######
#...@....#
########.# #.#
#.# ##### #.#
#~7~7 #.#
#7~~~~ #.#
##7~~~~~ #.###
:~P~~~~~
#..#..........


You could see Natasha.

Vanquished Creatures
  Natasha (D:2)
  3 bats
  2 giant cockroaches
  3 goblins
  3 hobgoblins
  3 jackals (D:2)
  2 quokkas
  3 ball pythons (D:1)
  4 rats
24 creatures vanquished.

Notes
Turn   | Place    | Note
-------+----------+-------------------------------------------
     0 | D:1      | qw the Djinni Hunter began the quest for the Orb.
     0 | D:1      | Reached XP level 1. HP: 18/18 MP: 0/0
     0 | D:1      | 0 ||| qw: Version: 0.3-a-132-g3d54051
     0 | D:1      | 0 ||| qw: Game counter: 588
     0 | D:1      | 0 ||| qw: Melee chars always use a shield: true
     0 | D:1      | 0 ||| qw: God list: Okawaru
     0 | D:1      | 0 ||| qw: Allow faded altars: false
     0 | D:1      | 0 ||| qw: Do Orc after clearing Dungeon:15 true
     0 | D:1      | 0 ||| qw: Do second Lair branch before Depths: true
     0 | D:1      | 0 ||| qw: Lair rune preference: random
     0 | D:1      | 0 ||| qw: Goals: Normal
     0 | D:1      | 0 ||| PLANNING D:1-11
   124 | D:1      | Found Zabocolu's Book Shoppe.
   183 | D:1      | Found Picloina's Book Shop.
   284 | D:1      | Reached XP level 2. HP: 23/23 MP: 0/0
   296 | D:1      | Found Datweedgh's Distillery.
   302 | D:1      | 302 ||| SHOPLISTING 2 potions of curing (60 gold, have 15).
   302 | D:1      | 302 ||| SHOPLISTING potion of curing (30 gold, have 15).
   302 | D:1      | 302 ||| SHOPLISTING potion of enlightenment (50 gold, have
                  | 15).
   302 | D:1      | 302 ||| SHOPLISTING potion of haste (100 gold, have 15).
   577 | D:1      | 577 ||| UPGRADING to +0 ring mail.
   587 | D:1      | 587 ||| DROPPING +0 leather armour.
   588 | D:1      | 588 ||| READING scroll labelled YNIXUNLOUJIA.
   588 | D:1      | 588 ||| BRANDING +0 shortbow.
   589 | D:1      | 589 ||| READING scroll labelled JOUPOTEBIU.
   590 | D:1      | 590 ||| READING scroll labelled PAONACRUJYCLA.
   590 | D:1      | 590 ||| ENCHANTING +0 heavy shortbow.
   591 | D:1      | 591 ||| READING scroll labelled GOKHLA XEROHUNUL.
   591 | D:1      | 591 ||| ENCHANTING +1 heavy shortbow.
   592 | D:1      | 592 ||| READING 3 scrolls labelled QEV NAIVUCK.
   592 | D:1      | 592 ||| IDENTIFYING silvery potion
   593 | D:1      | 593 ||| READING 2 scrolls of identify.
   593 | D:1      | 593 ||| IDENTIFYING bubbling inky potion
   594 | D:1      | 594 ||| READING scroll of identify.
   594 | D:1      | 594 ||| IDENTIFYING metallic clear potion
   595 | D:1      | 595 ||| READING scroll labelled PIZAZO EFOANT.
   600 | D:1      | 600 ||| DROPPING scroll of butterflies.
   601 | D:1      | 601 ||| DROPPING potion of magic.
   602 | D:1      | 602 ||| DROPPING potion of lignification.
   647 | D:2      | Noticed Natasha
   653 | D:2      | Killed Natasha
   654 | D:2      | Reached skill level 4 in Ranged Weapons
   654 | D:2      | Reached XP level 3. HP: 23/28 MP: 0/0
   654 | D:2      | Learned a level 1 spell: Summon Small Mammal
   654 | D:2      | 654 ||| FLEEEEING.
   662 | D:2      | 662 ||| STAIRDANCE
   672 | D:1      | 672 ||| READING scroll labelled KAPHY QOSEUDEN.
   814 | D:2      | Reached XP level 4. HP: 33/33 MP: 0/0
   883 | D:2      | Noticed Natasha
   884 | D:2      | Reached skill level 1 in Armour
   892 | D:2      | HP: 2/33 [Natasha/magic dart (7)]
   894 | D:2      | Killed from afar by Natasha

Levels and vault maps discovered:
D:1:      lightli_arrival_maybe_door_vault, layout_basic, serial_shops,
          nicolae_shop_statue_plus, shop_statue, shop, chequers_garden,
          hangedman_abyss_or_decor_lesser_grid
D:2:      layout_loops_ring, serial_bayou, serial_bayou_shore_a,
          serial_bayou_crossing, serial_bayou_pond_a, serial_bayou_lagoon_b,
          uniq_natasha, uniq_jessica

Skill      XL: |  1  2  3  4 |
---------------+-------------+-----
Ranged Weapons | 4 |  4.2
Armour         | 1 |  1.0
Fighting       | |  2.0
Dodging        | |  2.1
Stealth        | |  0.7

Action                     |  1- 3 |  4- 6 || total
---------------------------+-------+-------++-------
   Fire: Shortbow          |    43 |    10 ||    53
    Use: Scroll            |     9 |       ||     9
 Armour: Leather armour    |     3 |       ||     3
         Ring mail         |    14 |    11 ||    25
  Dodge: Dodged            |    11 |     3 ||    14

Table legend:
 A = Non-vault XP
 B = Vault XP
 C = Vault XP percentage of total XP
 D = Non-vault monster count
 E = Vault monster count
 F = Vault count percentage of total count
                 A         B        C        D         E       F
            +---------+---------+-------+---------+---------+-------
      Total |      37 |      33 |  47.1 |      23 |       1 |   4.2
            +---------+---------+-------+---------+---------+-------
        D:1 |      21 |       0 |   0.0 |      14 |       0 |   0.0
        D:2 |      16 |      33 |  67.3 |       9 |       1 |  10.0
            +---------+---------+-------+---------+---------+-------
